 Dungeon Crawl Stone Soup version 0.29.0-11-gd7f09526c8 (webtiles) character file.

Game seed: 6758187682767408259

285 RevDB the Firebug (level 6, -11/32 HPs)
             Began as a Deep Elf Fire Elementalist on Sept 3, 2022.
             Mangled by an ogre
             ... wielding a +0 giant spiked club
              (26 damage)
             ... on level 4 of the Dungeon.
             The game lasted 00:12:30 (2132 turns).

RevDB the Firebug (Deep Elf Fire Elementalist)      Turns: 2132, Time: 00:12:32

Health: -11/32     AC:  3    Str:  5    XL:     6   Next: 7%
Magic:  6/14       EV: 12    Int: 22    God:
Gold:   54         SH:  0    Dex: 15    Spells: 0/13 levels left

rFire   . . .      SeeInvis .   s - +4 short sword
rCold   . . .      Faith    .   (no shield)
rNeg    . . .      Spirit   .   a - +0 robe
rPois   +          Reflect  .   (no helmet)
rElec   .          Harm     .   (no cloak)
rCorr   .          Rampage  .   (no gloves)
Will    .....                   o - +0 pair of boots
Stlth   ++........              (no amulet)
HPRegen 0.10/turn               p - ring of poison resistance
MPRegen 0.14/turn               (no ring)

@: no status effects
A: no striking features
a: no special abilities


You were on level 4 of the Dungeon.
You visited 1 branch of the dungeon, and saw 4 of its levels.

You collected 93 gold pieces.
You spent 39 gold pieces at shops.

Inventory:

Hand Weapons
 s - a +4 short sword (weapon)
Armour
 a - a +0 robe (worn)
 o - a +0 pair of boots (worn)
Jewellery
 p - a ring of poison resistance (left hand)
Scrolls
 c - 3 scrolls of identify {unknown}
 d - a scroll of blinking {unknown}
 e - a scroll of vulnerability {unknown}
 h - 4 scrolls of teleportation
 i - 2 scrolls of poison {unknown}
 m - a scroll of fear {unknown}
 n - 2 scrolls of enchant weapon {unknown}
 q - a scroll of torment {unknown}
 t - a scroll of noise {unknown}
Potions
 b - a potion of magic
 f - a potion of mutation {unknown}
 g - a potion of lignification {unknown}
 j - a potion of ambrosia {unknown}
 k - 2 potions of might {unknown}
 l - a potion of attraction {unknown}
 r - a potion of curing {unknown}
 u - a potion of flight {unknown}


   Skills:
 - Level 2.4 Dodging
 - Level 2.4 Stealth
 + Level 4.3 Spellcasting
 - Level 2.0 Conjurations
 + Level 6.8 Fire Magic


You couldn't memorise any spells.
You knew the following spells:

 Your Spells              Type           Power      Damage    Failure   Level
a - Foxfire               Conj/Fire      96%        2x1d8     1%          1
b - Scorch                Fire           68%        2d8       1%          2
c - Conjure Flame         Conj/Fire      24%        6-21      5%          3
d - Inner Flame           Hex/Fire       19%        N/A       9%          3
e - Flame Wave            Conj/Fire      24%        2d8       19%         4

Your spell library contained the following spells:

 Spells                   Type           Power      Damage    Failure   Level
 Ensorcelled Hibernation  Hex/Ice        8%         N/A       17%         2
 Passwall                 Tmut/Erth      3%         N/A       17%         2
 Poisonous Vapours        Pois/Air       8%         N/A       17%         2
 Swiftness                Air            4%         N/A       32%         3
 Corpse Rot               Necr/Pois/Air  4%         N/A       73%         4


Dungeon Overview and Level Annotations

Branches:
Dungeon (4/15)
 Temple: D:4-7

Altars:

Shops:
D:2 ?


Message History

You kill the hobgoblin!
The foxfire hits the orc.
The orc is heavily wounded.
The foxfire hits the orc.
You kill the orc!
Your magical contamination has completely faded away.
Found 6 gold pieces.
An adder comes into view.
You now have 54 gold pieces (gained 6).
Casting: Foxfire (safe; 1% risk of failure)
Confirm with . or Enter, or press ? or * to list all spells.
You conjure some foxfire!
The adder hisses angrily.
The foxfire hits the adder!
The adder is severely wounded.
You hit the adder.
The adder is almost dead.
The foxfire hits the adder.
You kill the adder!
You see here an adder corpse.
You see here an adder corpse.
An ogre comes into view. It is wielding a +0 giant spiked club.
The ogre shouts!
Casting: Foxfire (safe; 1% risk of failure)
Confirm with . or Enter, or press ? or * to list all spells.
You conjure some foxfire!
You hit the ogre.
The ogre is lightly wounded.
The foxfire hits the ogre.
The ogre is moderately wounded.
The foxfire hits the ogre.
The ogre is heavily wounded.
The ogre hits you with a +0 giant spiked club!
Ouch! That really hurt!
Casting: Foxfire (safe; 1% risk of failure)
Confirm with . or Enter, or press ? or * to list all spells.
You conjure some foxfire!
The ogre hits you with a +0 giant spiked club!!
Ouch! That really hurt!
You die...

.#.##..........#........#
.# ##.........##.†......#
.# #...................#
.# #............########
#............#
#.....##.....# ##....
#...###### #....
#...v....# #...
#...§@O..# #...§.v..#
...........#
............#
.....######## #.... #....
..


You could see an ogre (ally target).

Vanquished Creatures
  An ogre (D:4)
  An orc priest (D:2)
  An iguana (D:4)
  An orc wizard (D:4)
  5 adders
  A worm (D:3)
  A dart slug (D:1)
  6 orcs
  4 endoplasms
  2 giant cockroaches (D:2)
  5 hobgoblins
  3 quokkas
  7 ball pythons
  4 bats
  3 frilled lizards
  9 goblins
  7 kobolds
  6 rats
67 creatures vanquished.

Vanquished Creatures (others)
  157 foxfires
157 creatures vanquished.

Grand Total: 224 creatures vanquished

Notes
Turn   | Place    | Note
-------+----------+-------------------------------------------
     0 | D:1      | RevDB the Deep Elf Fire Elementalist began the quest for
                  | the Orb.
     0 | D:1      | Reached XP level 1. HP: 10/10 MP: 6/6
   101 | D:1      | Found a faded altar of an unknown god.
   123 | D:1      | Reached XP level 2. HP: 7/15 MP: 2/8
   325 | D:1      | Learned a level 2 spell: Scorch
   428 | D:1      | Reached skill level 4 in Fire Magic
   618 | D:2      | Found Qigunusi's Magic Scroll Shop.
   659 | D:2      | Reached XP level 3. HP: 15/19 MP: 2/9
   672 | D:2      | Learned a level 3 spell: Conjure Flame
   706 | D:2      | Bought a scroll of teleportation for 39 gold pieces
   873 | D:2      | Reached skill level 5 in Fire Magic
   873 | D:2      | Reached XP level 4. HP: 7/24 MP: 0/10
  1160 | D:2      | Learned a level 3 spell: Inner Flame
  1964 | D:4      | Reached skill level 6 in Fire Magic
  1964 | D:4      | Reached XP level 5. HP: 28/28 MP: 5/11
  2037 | D:4      | Noticed an ogre
  2041 | D:4      | Killed an ogre
  2042 | D:4      | Reached XP level 6. HP: 32/32 MP: 1/14
  2047 | D:4      | Learned a level 4 spell: Flame Wave
  2132 | D:4      | Mangled by an ogre

Illustrated notes

Levels and vault maps discovered:
D:1:      minmay_arrival_solitary_statue, layout_rooms,
          hellmonk_ecumenical_altar_leap_of_faith
D:2:      layout_rooms, serial_shops, shop
D:3:      layout_loops_corners, serial_bayou_pond_b, roderic_serpentine_path
D:4:      dreamdust_elfheim, layout_basic, minmay_temple_entry_enclosed_plants,
          minmay_pentangle

Skill      XL: |  1  2  3  4  5 |
---------------+----------------+-----
Conjurations   | 2 |  2.0
Fire Magic     | 4 5 6 |  6.8
Spellcasting   | 4 |  4.3
Dodging        | |  2.4
Stealth        | |  2.4

Action                   |  1- 3 |  4- 6 || total
-------------------------+-------+-------++-------
Melee: Unarmed           |     3 |     2 ||     5
       Short sword       |       |     5 ||     5
 Cast: Foxfire           |    53 |    36 ||    89
       Scorch            |     2 |     4 ||     6
Armor: Robe              |     3 |       ||     3
Dodge: Dodged            |    10 |     3 ||    13
